 Dungeon Crawl Stone Soup version 0.31-a0-204-g7da18cac08 (webtiles) character file.

Game seed: 15609052156410957869

168 qw the Skirmisher (level 5, -3/29 HPs)
             Began as a Deep Elf Hunter on June 27, 2023.
             Slain by Duvessa
             ... wielding a +0 rapier
              (6 damage)
             ... on level 4 of the Dungeon.
             The game lasted 00:01:03 (2224 turns).

qw the Skirmisher (Deep Elf Hunter)                 Turns: 2224, Time: 00:01:03

Health: -3/29      AC:  8    Str:  8 (10) XL:     5   Next: 23%
Magic:  7/7        EV: 10    Int: 13 (14) God:
Gold:   125        SH:  0    Dex: 18      Spells: 4/4 levels left

rFire   . . .        Y - +0 shortbow
rCold   + . .        (shield currently unavailable)
rNeg    . . .        h - +0 ring mail
rPois   .            (helmet restricted)
rElec   .            (no cloak)
rCorr   .            b - +2 pair of gloves
SInv    .            (no boots)
Will    .....        (no amulet)
Stlth   +            i - ring of protection from cold
HPRegen 0.24/turn    (no ring)
MPRegen 0.10/turn

%: no passive effects
@: lethally poisoned (-3 -> -15)
A: horns 2, deterioration 1, mutation resistance 1
a: no special abilities


You were on level 4 of the Dungeon.
You visited 1 branch of the dungeon, and saw 4 of its levels.

You collected 125 gold pieces.


Innate Abilities, Weirdness & Mutations

You have a pair of horns on your head.
Your body sometimes deteriorates upon taking damage.
You are somewhat resistant to further mutation.


   Skills:
 - Level 1.5 Fighting
 + Level 8.7 Ranged Weapons
 - Level 2.4 Dodging
 - Level 1.2 Stealth


You had 4 spell levels left.
You didn't know any spells.
Your spell library was empty.

Inventory:

Hand Weapons
 Y - a +0 shortbow (weapon)
Armour
 b - a +2 pair of gloves (worn)
 h - a +0 ring mail (worn)
Jewellery
 i - a ring of protection from cold (left hand)
Scrolls
 f - a scroll of identify
Potions
 a - a potion of cancellation {unknown}
 c - a potion of resistance {unknown}
 g - a potion of degeneration {unknown}
 j - 2 potions of enlightenment
 k - a potion of curing {unknown}
 m - a potion of heal wounds {unknown}
 n - a potion of mutation

Dungeon Overview and Level Annotations

Branches:
Dungeon (4/15)
 Temple: D:4-7

Altars:
Yredelemnul

Annotations:
D:3 1 runed translucent door
D:4 Duvessa


Message History

Level annotation: Dowan
There is a stone staircase leading up here.
You open the door.
Duvessa, Sister of Dowan comes into view.
She is wielding a +0 rapier and carrying a wand of flame (18).
There is an open door here.
You shoot an arrow. The arrow barely misses Duvessa.
Duvessa shouts!
You shoot an arrow. The arrow closely misses Duvessa.
You shoot an arrow. The arrow hits Duvessa.
Duvessa is lightly wounded.
You shoot an arrow. The arrow closely misses Duvessa.
Duvessa hits you with a +0 rapier.
You shoot an arrow. The arrow closely misses Duvessa.
Duvessa barely misses you.
You shoot an arrow. The arrow hits Duvessa.
Duvessa is lightly wounded.
Duvessa hits you with a +0 rapier. Dowan barely misses you.
Duvessa hits you with a +0 rapier.
You shoot an arrow.
The arrow hits Dowan but does no damage.
Dowan is heavily wounded.
Dowan says, "Stay away from my face!"
Dowan hits you but does no damage. Duvessa hits you but does no damage.
You shoot an arrow. The arrow hits Dowan.
Dowan is severely wounded.
Duvessa zaps a wand.
The puff of flame hits you! Dowan closely misses you.
You shoot an arrow. The arrow misses Dowan.
Duvessa hits you with a +0 rapier. Dowan hits you but does no damage.
You are poisoned.
You shoot an arrow. The arrow closely misses Dowan.
You feel sick. Duvessa hits you with a +0 rapier.
Dowan hits you but does no damage.
You are lethally poisoned!
You shoot an arrow. The arrow hits Dowan!
You kill Dowan!
Duvessa screams, "No!
How DARE you!"
Duvessa goes berserk!
You feel very sick. Duvessa hits you with a +0 rapier.
You die...

#.. . #... .#
#...#########.###
#...............#
#...............#.
#.....<%..........
#..............##.
#..........)......
#.....#..#@##..#.
##########e# ...
#.... #.....
######. ##


You could see Duvessa (berserk).

Vanquished Creatures
  Dowan (D:4)
  An orc wizard (D:3)
  6 adders
  3 worms
  A dart slug (D:1)
  4 orcs (D:3)
  5 bats
  7 endoplasms
  5 giant cockroaches
  8 goblins
  6 hobgoblins
  5 jackals
  3 kobolds
  A quokka (D:1)
  6 ball pythons (D:1)
  3 frilled lizards
  A goblin zombie (D:3)
  A kobold zombie (D:3)
  6 rats
73 creatures vanquished.

Notes
Turn   | Place    | Note
-------+----------+-------------------------------------------
     0 | D:1      | qw the Deep Elf Hunter began the quest for the Orb.
     0 | D:1      | Reached XP level 1. HP: 12/12 MP: 3/3
     0 | D:1      | 0 ||| qw: Version: 0.3-a-22-g0ed2b0b
     0 | D:1      | 0 ||| qw: Game counter: 6374
     0 | D:1      | 0 ||| qw: Melee chars always use a shield: true
     0 | D:1      | 0 ||| qw: God list: Okawaru
     0 | D:1      | 0 ||| qw: Allow faded altars: false
     0 | D:1      | 0 ||| qw: Do Orc after clearing Dungeon:15 true
     0 | D:1      | 0 ||| qw: Do second Lair branch before Depths: true
     0 | D:1      | 0 ||| qw: Lair rune preference: random
     0 | D:1      | 0 ||| qw: Goals: Normal
     0 | D:1      | 0 ||| PLANNING D:1-11
    59 | D:1      | Reached XP level 2. HP: 16/16 MP: 4/4
    72 | D:1      | Reached skill level 6 in Ranged Weapons
   408 | D:1      | Reached XP level 3. HP: 20/20 MP: 5/5
   814 | D:1      | 814 ||| READING scroll labelled ZOIM HOAQEC.
   815 | D:1      | 815 ||| READING scroll labelled NOERURIXIG.
   816 | D:1      | 816 ||| READING scroll labelled HEYMAVOFEF.
   817 | D:1      | 817 ||| READING scroll labelled UKEQEC BAMOUMNEGHO.
   818 | D:1      | 818 ||| READING scroll labelled KAIV UCZUXARCH.
   821 | D:1      | 821 ||| READING scroll labelled YKOEKK OJIMER.
   822 | D:1      | 822 ||| READING scroll labelled WEKKE INEDA.
   823 | D:1      | 823 ||| READING scroll labelled CENIEDDUOCH.
   824 | D:1      | 824 ||| DRINKING 2 emerald potions.
   825 | D:1      | 825 ||| DRINKING 2 blue potions.
   825 | D:1      | Gained mutation: Your body sometimes deteriorates upon
                  | taking damage. [potion of mutation]
   825 | D:1      | Gained mutation: You have a pair of small horns on your
                  | head. [potion of mutation]
   825 | D:1      | Gained mutation: You are somewhat resistant to further
                  | mutation. [potion of mutation]
   825 | D:1      | Gained mutation: You have a pair of horns on your head.
                  | [potion of mutation]
   826 | D:1      | 826 ||| DROPPING scroll of butterflies.
   898 | D:2      | Reached skill level 7 in Ranged Weapons
   918 | D:2      | HP: 5/20 [poisoned by an adder]
  1145 | D:2      | Reached XP level 4. HP: 25/25 MP: 6/6
  1396 | D:2      | 1396 ||| UPGRADING to +0 scale mail.
  1406 | D:2      | 1406 ||| DROPPING +0 leather armour.
  1407 | D:2      | 1407 ||| UPGRADING to +0 ring mail.
  1417 | D:2      | 1417 ||| DROPPING +0 scale mail.
  1418 | D:2      | 1418 ||| UPGRADING to ring of protection from cold.
  1419 | D:2      | 1419 ||| READING scroll labelled BYSER WAUSIK.
  1420 | D:2      | 1420 ||| READING scroll labelled FOIDOG WUAH.
  1521 | D:2      | 1521 ||| READING 2 scrolls of identify.
  1521 | D:2      | 1521 ||| IDENTIFYING lumpy golden potion
  1522 | D:2      | 1522 ||| DROPPING potion of magic.
  1542 | D:3      | 1542 ||| STAIRDANCE
  1549 | D:2      | Reached skill level 8 in Ranged Weapons
  1663 | D:3      | HP: 4/25 [orc/+0 flail (6)]
  1664 | D:3      | 1664 ||| READING scroll of teleportation.
  1872 | D:3      | Reached XP level 5. HP: 18/29 MP: 7/7
  2041 | D:3      | Found a runed translucent door.
  2041 | D:3      | Noticed a human
  2054 | D:3      | Found a basalt altar of Yredelemnul.
  2109 | D:3      | 2109 ||| UPGRADING to +2 pair of gloves.
  2114 | D:3      | 2114 ||| READING scroll labelled MIOCIBEGOLO.
  2124 | D:4      | Noticed Dowan
  2132 | D:4      | 2132 ||| STAIRDANCE
  2213 | D:4      | Noticed Duvessa
  2223 | D:4      | HP: 7/29 [Duvessa/+0 rapier (4)]
  2224 | D:4      | Killed Dowan
  2224 | D:4      | HP: 3/29 [poisoned by Dowan]
  2224 | D:4      | Slain by Duvessa

Levels and vault maps discovered:
D:1:      mrwooster_arrival_statue_2, layout_basic
D:2:      layout_rooms, minmay_pentomino_v4
D:3:      layout_rooms, dk_yredelemnul_ordeal
D:4:      nicolae_cairo_tiling_large_dashed, layout_gridville, serial_shops,
          shop, uniq_duvessa, uniq_ijyb, uniq_edmund

Skill      XL: |  1  2  3  4 |
---------------+-------------+-----
Ranged Weapons | 6 7 8 |  8.7
Fighting       | |  1.5
Dodging        | |  2.4
Stealth        | |  1.2

Action                     |  1- 3 |  4- 6 || total
---------------------------+-------+-------++-------
   Fire: Shortbow          |   103 |   113 ||   216
    Use: Scroll            |     8 |     5 ||    13
         Potion            |     2 |       ||     2
 Armour: Leather armour    |    13 |     2 ||    15
         Ring mail         |       |     7 ||     7
  Dodge: Dodged            |    32 |    15 ||    47

Table legend:
 A = Non-vault XP
 B = Vault XP
 C = Vault XP percentage of total XP
 D = Non-vault monster count
 E = Vault monster count
 F = Vault count percentage of total count
                 A         B        C        D         E       F
            +---------+---------+-------+---------+---------+-------
      Total |     236 |      73 |  23.6 |      68 |       5 |   6.8
            +---------+---------+-------+---------+---------+-------
        D:1 |      59 |       0 |   0.0 |      32 |       0 |   0.0
        D:2 |      89 |       2 |   2.2 |      15 |       2 |  11.8
        D:3 |      75 |       2 |   2.6 |      20 |       2 |   9.1
        D:4 |      13 |      69 |  84.1 |       1 |       1 |  50.0
            +---------+---------+-------+---------+---------+-------
